AoeStats
← Your Mom

Black Forest

509186360Analyzed
2v2 RM · 7d ago on Sep 25, 2026· 81m 8s· 4 players
Game mode
Random Map
Map size
Medium (4 player)
Population
200
Speed
Normal
Resources
Standard
Victory
Conquest
Starting age
Dark Age
Ending age
Imperial Age
RankedLock teamsTeams togetherTeam positionsShared explorationLock speedFull tech treeHidden civsTurbo modeCheats
Victory
Defeat
🇩🇪 Khmer · Germany
748
+15
🇹🇷 Mongols · Türkiye
704
+17
🇬🇷 Bohemians · Greece
779
-18
🇬🇷 Jurchens · Greece
672
-14
AKANZİ
0:53 Loom
19:06 Feudal Age
30:23 Castle Age
33:33 Nomads
41:20 Horse Collar
41:29 Double-Bit Axe
41:30 Fishing Lines
44:37 Heavy Plow
44:31 Stone Mining
44:32 Gold Mining
49:51 Imperial Age
47:57 Wheelbarrow
48:58 Town Watch
51:46 Scale Barding Armor
51:42 Scale Mail Armor
51:52 Forging
51:32 Fletching
51:43 Padded Archer Armor
52:03 Hand Cart
52:19 Town Patrol
52:39 Chain Mail Armor
51:48 Elite Mangudai
53:03 Hoardings
51:59 Sappers
53:10 Light Cavalry
54:00 Bloodlines
53:51 Husbandry
54:14 Chain Barding Armor
54:11 Leather Archer Armor
53:51 Bodkin Arrow
54:32 Iron Casting
54:49 Bow Saw
55:08 Drill
55:09 Conscription
55:52 Chemistry
55:14 Ballistics
54:44 Guard Tower
54:18 Hussar
54:55 Onager
55:20 Capped Ram
55:26 Elite Steppe Lancer
56:04 Gillnets
56:58 Stone Shaft Mining
56:59 Gold Shaft Mining
57:19 Fortified Wall
57:04 Murder Holes
57:15 Siege Engineers
57:20 Masonry
56:58 Siege Onager
56:59 Siege Ram
58:56 Plate Mail Armor
59:26 Blast Furnace
58:27 Bracer
Your Mom
0:27 Loom
12:42 Feudal Age
13:12 Double-Bit Axe
14:17 Horse Collar
15:19 Wheelbarrow
15:59 Gold Mining
16:01 Stone Mining
22:25 Bloodlines
25:53 Castle Age
26:38 Scale Barding Armor
26:44 Forging
29:44 Bow Saw
30:34 Caravan
30:48 Husbandry
31:56 Heavy Plow
33:19 Gold Shaft Mining
36:42 Stone Shaft Mining
43:02 Imperial Age
41:15 Chain Barding Armor
40:56 Scale Mail Armor
41:31 Iron Casting
41:51 Fortified Wall
42:02 Ballistics
41:50 Tusk Swords
42:52 Hand Cart
44:23 Conscription
44:06 Double Crossbow
46:19 Crop Rotation
46:03 Siege Engineers
47:49 Elite Ballista Elephant
48:12 Capped Ram
50:16 Plate Barding Armor
50:42 Blast Furnace
50:59 Elite Battle Elephant
56:26 Light Cavalry
58:32 Siege Ram
60:26 Pikeman
61:28 Halberdier
68:17 Heavy Scorpion
69:41 Chain Mail Armor
69:17 Fletching
72:31 Hussar
gkalounias
0:28 Loom
15:49 Feudal Age
17:31 Wheelbarrow
16:42 Town Watch
16:40 Horse Collar
22:10 Fishing Lines
27:53 Castle Age
33:42 Heavy Plow
33:31 Double-Bit Axe
37:01 Hand Cart
39:09 Fortified Wall
39:59 Chemistry
39:31 Caravan
41:30 Fervor
41:21 Atonement
42:11 Coinage
44:10 Herbal Medicine
44:36 Sanctity
45:33 Masonry
47:57 Imperial Age
47:12 Town Patrol
48:20 Devotion
48:31 Redemption
48:44 Heresy
48:51 Forging
48:32 Fletching
48:42 Padded Archer Armor
48:43 Scale Mail Armor
48:49 Scale Barding Armor
48:38 Gillnets
50:55 Architecture
50:21 Murder Holes
50:47 Ballistics
59:10 Houfnice
63:43 Bombard Tower
63:08 Arrowslits
63:14 Guard Tower
63:30 Siege Engineers
64:36 Heavy Scorpion
76:35 Banking
76:16 Guilds
ntukis
0:37 Loom
16:15 Feudal Age
16:57 Double-Bit Axe
16:56 Horse Collar
17:24 Fishing Lines
21:37 Town Watch
22:29 Wheelbarrow
26:02 Castle Age
31:27 Bow Saw
31:20 Gillnets
31:41 Fletching
35:12 Heavy Plow
36:19 Siege Engineers
36:24 Caravan
37:51 Bodkin Arrow
44:11 Imperial Age
43:55 Husbandry
44:06 Bloodlines
44:37 Wheelbarrow
44:33 Heavy Rocket Cart
46:05 Hand Cart
45:55 Town Patrol
48:05 Two-Man Saw
49:03 Crop Rotation
50:31 Fortified Wall
51:22 Chemistry
50:43 Ballistics
56:10 Conscription
57:50 Elite Iron Pagoda
59:44 Masonry
59:15 Treadmill Crane
59:22 Arrowslits
59:53 Stone Mining
59:54 Gold Mining
61:08 Scale Barding Armor
61:04 Scale Mail Armor
61:14 Forging
61:05 Bracer
60:30 Elite Steppe Lancer
60:32 Light Cavalry
61:16 Padded Archer Armor
62:01 Thunderclap Bombs
61:52 Fortified Bastions
62:53 Stone Shaft Mining
62:54 Gold Shaft Mining
65:45 Coinage
65:25 Guilds
66:37 Banking
73:52 Chain Barding Armor
74:08 Iron Casting
76:11 Plate Barding Armor
Connection lost

Rejoining the realm…

Still unreachable

The connection could not be restored.

Session expired

The server has moved on; the page needs a fresh start.